 Dungeon Crawl Stone Soup version 0.15.0-27-gbdb0435 (console) character file.

65 gw the Ruffian (level 3, -1/36 HPs)
             Began as a Troll Monk on Sept 10, 2014.
             Slain by an orc wizard
             ... wielding a +0 dagger
              (5 damage)
             ... on Level 3 of the Dungeon.
             The game lasted 00:01:22 (1768 turns).

gw the Ruffian (Troll Monk)                         Turns: 1768, Time: 00:01:22

HP  -1/36        AC  7     Str 19      XL: 3   Next: 92%
MP   2/2         EV 10     Int  6      God:
Gold 0           SH  0     Dex 13      Spells:  0 memorised,  2 levels left

rFire  . . .     SeeInvis .       - Unarmed
rCold  . . .     Clarity  .     a - +1 robe
rNeg   . . .     rCorr    .     (shield restricted)
rPois  .         rRot     .     (helmet restricted)
rElec  .         Spirit   .     i - +0 cloak
SustAb .         Warding  .     (gloves unavailable)
rMut   .         Stasis   .     (boots unavailable)
Gourm  +                        (no amulet)
MR     .....                    (no ring)
                                (no ring)

@: not resistant to hostile enchantments, very unstealthy
A: unfitting armour, claws 3, fast metabolism 3, gourmand, regeneration 2,
saprovore 2, shaggy fur 1, tough skin 2
a: no special abilities


You were on level 3 of the Dungeon.
You were very full.

You visited 1 branch of the dungeon, and saw 3 of its levels.

Inventory:

Missiles
 d - 15 stones (quivered)
Armour
 a - a +1 robe (worn)
 i - a +0 cloak (worn)
Comestibles
 b - 3 meat rations
 g - 2 bread rations
 h - a beef jerky
Scrolls
 e - a scroll of noise {unknown}
 f - 2 scrolls of identify
Potions
 c - a potion of resistance
 j - a potion of heal wounds {unknown}


   Skills:
 + Level 2.7 Fighting
 + Level 1.3 Throwing
 + Level 2.8 Dodging
 - Level 1.1 Stealth
 * Level 4.6 Unarmed Combat


You had 2 spell levels left.
You didn't know any spells.

Dungeon Overview and Level Annotations

Branches:
Dungeon (3/15)

Altars:
Nemelex Xobeh


Innate Abilities, Weirdness & Mutations

You are too large for most types of armour.
You have claws for hands.
Your metabolism is lightning-fast.
You like to eat raw meat.
You heal very quickly.
You can eat rotten meat.
You are covered in fur (AC +1).
You have very tough skin (AC +2).


Message History

You scratch the orc.
The orc begins to bleed from its wounds!
The orc is moderately wounded.
The orc wizard hits you but does no damage.
ATTACK MOVE TO (-1,-1)
You claw the orc!
You kill the orc!
The rat bites you but does no damage. Something hits you but does no damage.
The orc wizard barely misses you.
ATTACK MOVE TO (1,-1)
You scratch the rat.
You kill the rat!
Something hits you.
The orc wizard gestures wildly while chanting.
The orc wizard seems to speed up.
ATTACK MOVE TO (1,0)
You barely miss the orc wizard.
The orc wizard is severely wounded.
The orc wizard hits you with a dagger.
You die...

... .........
...........
.............
...............
................
.................
........))).......
.......?.To.......
...................
..................
........(.......$.
........((.........
...........|.......
............$.....
...................
....#...#####....


You could see an orc wizard (bleeding).

Table legend:
 A = Turns spent in this place as a percentage of turns spent in the entire game.
 B = Non-inter-level travel turns spent in this place as a percentage of non-inter-level travel turns spent in the entire game.
 C = Inter-level travel turns spent in this place as a percentage of turns spent in this place.
 D = Turns resting spent in this place as a percentage of non-inter-level travel turns spent in this place.
 E = Turns spent auto-exploring this place as a percentage of non-inter-level travel turns spent in this place.
 F = Non-inter-level travel turns spent in this place divided by the number of levels of this place that you've seen.
                   A       B       C       D       E      F
               +-------+-------+-------+-------+-------+----------------------
         Total | 100.0 | 100.0 |   3.5 |   1.1 |  10.9 | 247.3
       Dungeon | 100.0 | 100.0 |   3.5 |   1.1 |  10.9 | 247.3
               +-------+-------+-------+-------+-------+----------------------

Table legend:
 A = Kills in this place as a percentage of kills in entire the game.
 B = Kills by you in this place as a percentage of kills by you in the entire game.
 C = Kills by friends in this place as a percentage of kills by friends in the entire game.
 D = Other kills in this place as a percentage of other kills in the entire game.
 E = Experience gained in this place as a percentage of experience gained in the entire game.
 F = Experience gained in this place divided by the number of levels of this place that you have seen.
                   A       B       C       D       E      F
               +-------+-------+-------+-------+-------+----------------------
         Total | 100.0 | 100.0 |  -nan |  -nan | 100.0 |  31.0
       Dungeon | 100.0 | 100.0 |  -nan |  -nan | 100.0 |  31.0
               +-------+-------+-------+-------+-------+----------------------

Vanquished Creatures
  2 adders (D:2)
  3 orcs (D:3)
  2 giant cockroaches
  3 hobgoblins
  2 ball pythons (D:2)
  3 bats
  A giant gecko (D:2)
  5 giant newts
  7 goblins
  7 kobolds
  2 quokkas
  6 rats
43 creatures vanquished.

Notes
Turn   | Place    | Note
--------------------------------------------------------------
     0 | D:1      | gw, the Troll Monk, began the quest for the Orb.
     0 | D:1      | Reached XP level 1. HP: 22/22 MP: 1/1
   372 | D:1      | Reached XP level 2. HP: 29/29 MP: 1/1
   586 | D:1      | Found a sparkling altar of Nemelex Xobeh.
  1035 | D:2      | Reached XP level 3. HP: 36/36 MP: 2/2
  1269 | D:2      | Reached skill level 1 in Throwing
  1768 | D:3      | Slain by an orc wizard

Action                   || total
-------------------------++-------
Melee: Unarmed           ||    85
Throw: Stone             ||    49
  Use: Potion            ||     4
       Scroll            ||     6
  Eat: Chunk             ||    21

Vault maps used:
D:1:      dpeg_arrival_boxorama, nemelex_deck
D:3:      first_bread, wad_floor_pattern_1
